 Dungeon Crawl Stone Soup version 0.31.0-9-g3a7656b989 (webtiles) character file.

Game seed: 11071154089663235161

2121 stipulation the Grappler (level 9, -1/70 HPs)
             Began as a Ghoul Monk on Jan 25, 2024.
             Slain by an orc warrior
             ... wielding a +0 bardiche
              (10 damage)
             ... in a bailey.
             The game lasted 00:02:53 (5798 turns).

stipulation the Grappler (Ghoul Monk)               Turns: 5798, Time: 00:02:53

Health: -1/70      AC: 11    Str: 19    XL:     9   Next: 29%
Magic:  0/9        EV: 10    Int:  9    God:
Gold:   395        SH:  0    Dex: 11    Spells: 8/8 levels left

rFire   . .          .
                       - Unarmed
rCold   + . .        c - orb {light}
rNeg    + + +        w - +4 scale mail of Noopab {^Drain rPois Slay+4 Stlth+}
rPois   ∞            (no helmet)
rElec   .            j - +0 cloak
rCorr   .            (no gloves)
SInv    .            (no boots)
Will    .....        l - amulet of guardian spirit
Stlth   +            (no ring)
HPRegen 0.00/turn    (no ring)
MPRegen 0.11/turn

%: guardian spirit
@: mighty, inhibited regen, glowing
A: claws 1, cold resistance 1, negative energy resistance 3, inhibited
regeneration, torment resistance 2, devour on kill
a: no special abilities


You were in a bailey.
You visited 1 branch of the dungeon, and saw 7 of its levels.
You also visited: Bailey.

You collected 395 gold pieces.

Inventory:

Armour
 a - a +0 robe
 c - an orb of light (worn)
 j - a +0 cloak (worn)
 v - a +0 ring mail
 w - the +4 scale mail of Noopab (worn) {^Drain rPois Slay+4 Stlth+}
   (You found it on level 7 of the Dungeon)

   Slay+4:    It affects your accuracy & damage with ranged weapons and melee
   (+4).
   rPois:     It protects you from poison ^Drain: It drains your maximum health
   when unequipped.
   Stlth+:    It makes you more stealthy.
Jewellery
 l - an amulet of guardian spirit (around neck)
 s - an amulet of faith
Scrolls
 d - a scroll of enchant armour
 f - 3 scrolls of teleportation
 g - 2 scrolls of blinking {unknown}
 m - 3 scrolls of identify
 n - 2 scrolls of fog {unknown}
 p - 2 scrolls of fear
 u - a scroll of poison {unknown}
 x - a scroll of silence {unknown}
Potions
 b - 4 potions of degeneration {unknown}
 e - 2 potions of heal wounds
 h - 3 potions of cancellation {unknown}
 i - 3 potions of curing {unknown}
 k - 3 potions of lignification {unknown}
 o - 2 potions of resistance {unknown}
 q - 2 potions of might
 r - 4 potions of haste {unknown}
 t - 2 potions of brilliance {unknown}
 z - a potion of experience
 A - a potion of mutation {unknown}


   Skills:
 - Level 3.2 Fighting
 - Level 2.6 Dodging
 + Level 13.3 Unarmed Combat


You had 8 spell levels left.
You didn't know any spells.
Your spell library was empty.

Dungeon Overview and Level Annotations

Branches:
Dungeon (7/15)             Temple (0/1) D:5          Bailey (1/1)

Altars:
Makhleb
Nemelex Xobeh
Uskayaw
Vehumet
Wu Jian


Innate Abilities, Weirdness & Mutations

You are immune to poison.
You have sharp fingernails.
Your flesh is cold resistant. (rC+)
You are immune to negative energy. (rN+++)
You do not regenerate when monsters are visible.
You are immune to unholy pain and torment.
You thrive by killing the living.


Message History

a +0 glaive; a +0 chain mail
Okay, then.
You start resting.
Magic restored.
As you read the scroll labelled HAYTTA CUCY, it crumbles to dust.
You feel strangely unstable.
It was a scroll of teleportation.
As you read the scroll labelled REPRAIGEIL, it crumbles to dust.
It is a scroll of identify.
p - 2 scrolls of fear
As you read the scroll of identify, it crumbles to dust.
q - 3 potions of might
As you read the scroll of identify, it crumbles to dust.
e - 2 potions of heal wounds Your surroundings suddenly seem different. 2 orc warriors come into view.
The orc warrior shouts!
The orc warrior hits you but does no damage.
The orc warrior closely misses you.
An orc knight comes into view. It is wielding a +0 glaive.
An orc warrior comes into view. It is wielding a +0 glaive.
The orc warrior closely misses you. The orc warrior closely misses you.
You feel very mighty all of a sudden.
The orc knight shouts!
The orc warrior hits you from afar with a +0 halberd.
The orc knight roars a battlecry!
The orc warriors go into a battle-frenzy!
The orc warrior closely misses you.
The orc warrior hits you from afar with a +0 halberd!
The orc warrior hits you with a +0 bardiche!!
You mangle the orc warrior!!
The orc warrior is severely wounded.
The orc warrior hits you from afar with a +0 halberd!
* * * LOW HITPOINT WARNING * * *
The orc warrior hits you from afar with a +0 glaive.
* * * LOW HITPOINT WARNING * * *
The orc warrior hits you from afar with a +0 halberd.
* * * LOW HITPOINT WARNING * * *
The orc warrior hits you with a +0 bardiche!
You die...

#.......#
#..???..#
#..???..#
#..???..#
#.......#
#...oo..#
#.......#
#..o.@..#
#.....o.#
#.......#
##.....##
#+++++#
##.....##
#.......#
#.......#
#..)....#


You could see an orc knight and 3 orc warriors.

Vanquished Creatures
  2 water moccasins
  3 orc warriors
  A black bear (D:6)
  2 ice beasts
  A sky beast (D:6)
  An ogre (D:5)
  A bullfrog (D:5)
  4 scorpions
  5 hounds
  4 jellies
  2 gnoll boudas
  2 orc priests (D:4)
  Jessica (D:2)
  2 orc wizards
  A sleepcap (D:7)
  4 iguanas
  8 gnolls
  5 adders
  2 white imps
  2 ufetubi (D:7)
  2 ribbon worms (D:4)
  A dart slug (D:1)
  31 orcs
  4 ball pythons
  5 endoplasms
  6 giant cockroaches
  9 goblins
  10 hobgoblins
  5 jackals
  A quokka (D:1)
  5 bats
  5 frilled lizards
  6 kobolds
  5 rats
148 creatures vanquished.

Notes
Turn   | Place    | Note
-------+----------+-------------------------------------------
     0 | D:1      | stipulation the Ghoul Monk began the quest for the Orb.
     0 | D:1      | Reached XP level 1. HP: 19/19 MP: 1/1
    63 | D:1      | Reached XP level 2. HP: 24/26 MP: 2/2
    88 | D:1      | Reached skill level 4 in Unarmed Combat
   227 | D:1      | Reached XP level 3. HP: 9/31 MP: 3/3
   317 | D:1      | Found a faded altar of an unknown god.
   828 | D:2      | Noticed Jessica
   832 | D:2      | Killed Jessica
   833 | D:2      | Reached skill level 5 in Unarmed Combat
   833 | D:2      | Reached XP level 4. HP: 33/38 MP: 4/4
  1029 | D:2      | Found a burning altar of Makhleb.
  1548 | D:3      | Reached skill level 6 in Unarmed Combat
  1548 | D:3      | Reached XP level 5. HP: 14/45 MP: 1/5
  2503 | D:4      | Reached skill level 7 in Unarmed Combat
  2503 | D:4      | Reached XP level 6. HP: 35/51 MP: 4/6
  2835 | D:4      | Found a sparkling altar of Nemelex Xobeh.
  2836 | D:4      | Found a hide-covered altar of Uskayaw.
  3031 | D:5      | Entered Level 5 of the Dungeon
  3068 | D:5      | Noticed an ice beast
  3073 | D:5      | Killed an ice beast
  3152 | D:5      | Reached skill level 8 in Unarmed Combat
  3191 | D:5      | Reached XP level 7. HP: 10/57 MP: 2/7
  3401 | D:5      | Reached skill level 9 in Unarmed Combat
  3741 | D:5      | Reached skill level 10 in Unarmed Combat
  3744 | D:5      | Reached XP level 8. HP: 31/63 MP: 4/8
  4006 | D:5      | Found a staircase to the Ecumenical Temple.
  4324 | D:6      | Found a burning altar of Makhleb.
  4325 | D:6      | Found an ornate altar of the Wu Jian Council.
  4370 | D:6      | Found a radiant altar of Vehumet.
  4379 | D:6      | Reached skill level 11 in Unarmed Combat
  4913 | D:6      | Reached skill level 12 in Unarmed Combat
  5213 | D:7      | Identified the +4 scale mail of Noopab {^Drain rPois Slay+4
                  | Stlth+}
  5315 | D:7      | Reached XP level 9. HP: 70/70 MP: 9/9
  5544 | D:7      | Found a flagged portal.
  5581 | D:7      | Reached skill level 13 in Unarmed Combat
  5587 | Bailey   | Entered a bailey
  5793 | Bailey   | Noticed an orc knight
  5798 | Bailey   | Slain by an orc warrior

Illustrated notes

Levels and vault maps discovered:
D:1:      minmay_arrival_four_loops, layout_basic,
          dreamdust_ecumenical_altar_statues
D:2:      layout_loops_cross, basic_altar, uniq_jessica
D:3:      layout_basic
D:4:      layout_loops_cross, minitemple
D:5:      layout_basic, minmay_temple_entry_wispy, minivault_5
D:6:      layout_cave_pods, mainiacjoe_overflow_divided_tiny,
          nicolae_vehumet_radiance
D:7:      layout_loops_ring, enter_bailey_5
Bailey:   bailey_polearm_5, bailey

Skill      XL: |  1  2  3  4  5  6  7  8  9 |
---------------+----------------------------+-----
Unarmed Combat | 4 5 6 7 8 10 12 13 | 13.3
Fighting       | |  3.2
Dodging        | |  2.6

Action                     |  1- 3 |  4- 6 |  7- 9 || total
---------------------------+-------+-------+-------++-------
  Melee: Unarmed           |    73 |   146 |   186 ||   405
    Use: Potion            |       |     1 |     1 ||     2
         Scroll            |       |       |     4 ||     4
 Armour: Robe              |    53 |    68 |    29 ||   150
         Ring mail         |       |       |    44 ||    44
         Scale mail        |       |       |    92 ||    92
  Dodge: Dodged            |    51 |    69 |   135 ||   255
